 Dungeon Crawl Stone Soup version 0.20.0-7-g3b7b877 (webtiles) character file.

1257 Hook the Stinger (level 8, -2/55 HPs)
             Began as a Demonspawn Venom Mage on May 25, 2017.
             Slain by a centaur
             ... wielding a +2 spear of piercing
              (9 damage)
             ... on level 5 of the Dungeon on May 29, 2017.
             The game lasted 00:38:53 (7357 turns).

Hook the Stinger (Demonspawn Venom Mage)            Turns: 7357, Time: 00:38:54

Health: -2/55      AC:  2    Str:  8    XL:     8   Next: 26%
Magic:  0/15       EV: 22    Int: 20    God:
Gold:   188        SH:  0    Dex: 20    Spells: 3/17 levels left

rFire    . . .     SeeInvis +     - Unarmed
rCold    . . .     Gourm    .   (shield currently unavailable)
rNeg     . . .     Faith    .   (armour currently unavailable)
rPois    x         Spirit   +   (helmet currently unavailable)
rElec    .         Reflect  .   (cloak currently unavailable)
rCorr    .         Harm     .   (gloves currently unavailable)
MR       .....                  (boots currently unavailable)
Stlth    +++.......             o - amulet of rage
Regen    0.2/turn               e - ring of see invisible
MPRegen  0.2/turn               (no ring)

@: spider-form
A: thin skeletal structure 1, magic shield
a: End Transformation, Evoke Berserk Rage


You were on level 5 of the Dungeon.
You were not hungry.
You were a venomous arachnid creature.
You visited 1 branch of the dungeon, and saw 5 of its levels.

You collected 188 gold pieces.

Inventory:

Hand Weapons
 c - a cursed -3 dagger (melded)
Missiles
 m - 120 stones (quivered)
 x - 3 javelins
Armour
 a - a +0 robe (melded)
 f - a +2 pair of gloves (melded)
 l - a +0 robe
 q - a +1 pair of boots (melded)
Jewellery
 e - a ring of see invisible (left front leg)
 o - an amulet of rage (around neck)
 u - an uncursed ring of stealth {unknown}
Scrolls
 d - a scroll of magic mapping
 g - 2 scrolls of fog
 n - a scroll of fear
 p - a scroll of amnesia
 w - 2 scrolls of identify
 B - a scroll of enchant armour
Potions
 h - a potion of magic {unknown}
 i - 2 potions of agility {unknown}
 k - a potion of heal wounds {unknown}
 r - 2 potions of haste
 s - a potion of flight {unknown}
 t - a potion of curing {unknown}
 v - a potion of lignification {unknown}
 z - a potion of brilliance {unknown}
Books
 b - a Young Poisoner's Handbook

   Spells                             Type                      Level
   a - Sting                          Conjuration/Poison           1
   b - Poisonous Vapours              Poison/Air                   2
   c - Mephitic Cloud                 Conjuration/Poison/Air       3
   d - Olgreb's Toxic Radiance        Poison                       4
   e - Venom Bolt                     Conjuration/Poison           5
 y - a book of Changes

   Spells                             Type                      Level
   a - Beastly Appendage              Transmutation                1
   b - Sticks to Snakes               Transmutation                2
   c - Spider Form                    Transmutation/Poison         3
   d - Ice Form                       Ice/Transmutation            4
   e - Blade Hands                    Transmutation                5
Comestibles
 j - 3 fruits
 A - 3 chunks of flesh


   Skills:
 + Level 1.7 Fighting
 + Level 1.0 Short Blades
 + Level 0.8 Throwing
 * Level 3.5 Dodging
 + Level 2.0 Stealth
 + Level 1.1 Unarmed Combat
 * Level 5.3 Spellcasting
 * Level 3.9 Conjurations
 + Level 0.8 Transmutations
 + Level 1.8 Air Magic
 * Level 5.6 Poison Magic


You had 3 spell levels left.
You knew the following spells:

 Your Spells              Type           Power        Failure   Level  Hunger
a - Sting                 Conj/Pois      ###.         7%          1    None
b - Poisonous Vapours     Pois/Air       ###...       12%         2    None
c - Mephitic Cloud        Conj/Pois/Air  ###.....     19%         3    ##.....
d - Beastly Appendage     Tmut           #.....       21%         1    None
e - Spider Form           Tmut/Pois      ###.......   22%         3    ##.....
f - Olgreb's Toxic Radia  Pois           ####....     26%         4    ####...


Dungeon Overview and Level Annotations

Branches:
Dungeon (5/15)
 Temple: D:4-7

Altars:
Nemelex Xobeh
Zin

Annotations:
D:5 Prince Ribbit


Innate Abilities, Weirdness & Mutations

((You have a pair of horns on your head.))
You have a somewhat thin skeletal structure. (Dex +2, Stealth)
When hurt, damage is shared between your health and your magic reserves.


Message History

The centaur wields an uncursed spear of piercing.
The centaur misses you.
The centaur hits you with an uncursed spear of piercing.
* * * LOW HITPOINT WARNING * * *
x2 You hit the centaur but do no damage.
The centaur is poisoned.
The centaur is severely wounded.
The centaur completely misses you.
You hit the centaur but do no damage.
The centaur is severely wounded.
The centaur misses you. x2
The adder hisses angrily.
You hit the centaur.
The centaur is almost dead.
The centaur hits you with an uncursed spear of piercing.
* * * LOW HITPOINT WARNING * * *
x2 You barely miss the centaur.
The centaur is almost dead.
The centaur misses you.
The centaur hits you with an uncursed spear of piercing!
You die...

#≈....<#....... #≈.............
#≈......####### ##≈#####.# ##≈≈#
#S# ##≈≈# #.# #######≈≈.# #.#
≈≈≈≈≈≈≈≈#.# #[#
###.....#.######s################
......(.(..((.(c.................
(((..(..#.############......[)...
####....#.# #...##.####. #....###
#...##.# #). #....# #[.[##.# ###
#....# ##..##.# # #....# #..)..#
# #....# #..##.# #


You could see a centaur and an adder.

Vanquished Creatures
  Sigmund (D:3)
  Menkaure (D:5)
  A black bear (D:4)
  An ogre (D:3)
  A centaur (D:5)
  2 crimson imps (D:5)
  2 orc priests
  A hound (D:5)
  5 orc wizards
  A centaur skeleton (D:4)
  Jessica (D:2)
  Natasha (thrice) (D:3)
  3 worker ants
  A worker ant zombie (D:5)
  3 gnolls
  7 adders
  An ooze (D:2)
  2 adder skeletons (D:4)
  A worm (D:2)
  6 dart slugs
  5 leopard geckos
  20 orcs
  5 giant cockroaches
  2 goblins
  5 hobgoblins
  12 jackals
  3 quokkas
  6 bats
  3 frilled lizards
  5 kobolds
  8 rats
118 creatures vanquished.

Notes
Turn   | Place    | Note
-------+----------+-------------------------------------------
     0 | D:1      | Hook the Demonspawn Venom Mage began the quest for the Orb.
     0 | D:1      | Reached XP level 1. HP: 13/13 MP: 3/3
   236 | D:1      | Upgraded the game from 0.20-b1-24-gb21faa7 to 0.20.0-4-g10b340a
   378 | D:1      | Gained mutation: You have a pair of small horns on your head. [demonic ancestry]
   378 | D:1      | Reached XP level 2. HP: 19/19 MP: 1/5
   382 | D:1      | Learned a level 2 spell: Poisonous Vapours
   492 | D:1      | Upgraded the game from 0.20.0-4-g10b340a to 0.20.0-7-g3b7b877
  1010 | D:2      | Noticed Jessica
  1013 | D:2      | Killed Jessica
  1013 | D:2      | Reached XP level 3. HP: 23/24 MP: 2/7
  1411 | D:2      | Found a sparkling altar of Nemelex Xobeh.
  1454 | D:2      | Gained mutation: You have a somewhat thin skeletal structure. (Dex +2, Stealth) [demonic ancestry]
  1454 | D:2      | Reached XP level 4. HP: 29/31 MP: 5/8
  1705 | D:2      | Learned a level 3 spell: Mephitic Cloud
  2525 | D:3      | Found a glowing silver altar of Zin.
  2533 | D:3      | Noticed Natasha
  2548 | D:3      | Gained mutation: You have a pair of horns on your head. [demonic ancestry]
  2548 | D:3      | Reached XP level 5. HP: 36/36 MP: 2/9
  2811 | D:5      | Entered Level 5 of the Dungeon
  3512 | D:3      | Killed Natasha
  3512 | D:3      | Reached skill level 1 in Air Magic
  3522 | D:3      | Noticed Natasha
  3526 | D:3      | Killed Natasha
  3526 | D:3      | Reached skill level 1 in Fighting
  3581 | D:3      | Noticed Natasha
  3590 | D:3      | Killed Natasha
  3590 | D:3      | Gained mutation: When hurt, damage is shared between your health and your magic reserves. [demonic ancestry]
  3590 | D:3      | Reached XP level 6. HP: 23/43 MP: 5/11
  4013 | D:3      | Noticed Sigmund
  4496 | D:3      | Killed Sigmund
  4496 | D:3      | Reached XP level 7. HP: 41/48 MP: 7/13
  4746 | D:4      | Reached skill level 5 in Poison Magic
  4977 | D:4      | Learned a level 1 spell: Beastly Appendage
  4981 | D:4      | Learned a level 3 spell: Spider Form
  5735 | D:5      | Noticed Menkaure
  5957 | D:5      | Learned a level 4 spell: Olgreb's Toxic Radiance
  6291 | D:5      | Reached skill level 1 in Short Blades
  6505 | D:5      | Reached skill level 5 in Spellcasting
  6505 | D:5      | Reached XP level 8. HP: 26/54 MP: 3/15
  6696 | D:5      | Killed Menkaure
  6696 | D:5      | Reached skill level 1 in Unarmed Combat
  7328 | D:5      | Noticed Prince Ribbit
  7357 | D:5      | Slain by a centaur

Skill      XL: |  1  2  3  4  5  6  7  8 |
---------------+-------------------------+-----
Dodging        | 2 3 |  3.5
Spellcasting   | 3 4 5 |  5.3
Poison Magic   | 4 5 |  5.6
Conjurations   | 2 3 |  3.9
Air Magic      | 1 |  1.8
Fighting       | 1 |  1.7
Stealth        | 2 |  2.0
Short Blades   | 1 |  1.0
Unarmed Combat | 1 |  1.1
Throwing       | |  0.8
Transmutations | |  0.8

Action                   |  1- 3 |  4- 6 |  7- 9 || total
-------------------------+-------+-------+-------++-------
Melee: Unarmed           |    31 |     1 |    90 ||   122
       Headbutt          |     3 |    12 |    41 ||    56
       Dagger            |       |    91 |   174 ||   265
Throw: Stone             |     1 |    29 |    21 ||    51
 Cast: Sting             |    26 |    22 |    12 ||    60
       Poisonous Vapours |     7 |    57 |    25 ||    89
       Mephitic Cloud    |       |     3 |       ||     3
       Spider Form       |       |       |    11 ||    11
  Use: Scroll            |     1 |    10 |     2 ||    13
 Stab: Sleeping          |     1 |       |     1 ||     2
  Eat: Chunk             |     1 |     5 |     9 ||    15
       Bread ration      |     1 |       |       ||     1
       Fruit             |       |     2 |     2 ||     4
       Royal jelly       |       |     1 |       ||     1
Armor: Robe              |     4 |    32 |    54 ||    90
       Skin              |       |       |     3 ||     3
Dodge: Dodged            |    27 |    83 |   183 ||   293
